Diables vs Rafales
Created - February 18, 2018 at 20:03
Goals
|
| Diables |
2 |
0 |
0 |
2 |
| Rafales |
1 |
2 |
1 |
4 |
|
Shots
|
| Diables |
8 |
7 |
4 |
19 |
| Rafales |
8 |
8 |
3 |
19 |
|
1st period
1. Diables , Nikita Kucherov 39 (Tyler Bozak 52, Alexandre Burrows 32) at 8:04
2. Diables , Tim Schaller 19 (Brandon Prust 41, Tobias Rieder 19) at 12:38
3. Rafales , Milan Bartovic 10 (Mike Zigomanis 39, Cody McLeod 45) at 14:47
Penalties :
Cody McLeod (Stf) for Roughing (Minor) at 2:12, Marc-André Gragnani (Stf) for Slashing (Minor) at 8:09, Tyler Bozak (Alm) for Hooking (Minor) at 9:38, Nikita Kucherov (Alm) for Holding (Minor) at 15:27
2nd period
4. Rafales , Michael Bournival 20 (Tim Crowder 9, Jarret Stoll 22) at 13:40
5. Rafales , Julian Melchiori 6 (Carl Klingberg 13, Nathan Davis 28) at 16:58
Penalties :
Mark Fayne (Stf) for Kneeing (Major) at 4:57, Dylan McIlrath (Stf) for Hooking (Minor) at 10:25, Julian Melchiori (Stf) for High sticking (Minor) at 13:49, Alexandre Burrows (Alm) for High sticking (Minor) at 19:27
3rd period
6. Rafales , Marc-André Gragnani 5 (Cody McLeod 46, Mark Fayne 29) at 4:51 (PP)
Penalties :
Pavel Valentenko (Alm) for Roughing (Minor) at 4:37, Alexandre Burrows (Alm) for Hooking (Minor) at 5:35, Dylan McIlrath (Stf) for Interference (Minor) at 9:12, Olli Maatta (Alm) for Hooking (Minor) at 12:38, Pavel Valentenko (Alm) for Slashing (Double Minor) at 18:45
Goalie Stats
Matt Murray (Alm), 13 saves from 17 shots - (0.765), L, 7-16-1, 44:51 minutes
Jean-Francois Berube (Alm), 2 saves from 2 shots - (1.000), 15:09 minutes
Leland Irving (Stf), 17 saves from 19 shots - (0.895), W, 1-1-1, 60:00 minutes
Players Stats for Diables
Player Name G A P +/- PIM S H SB GA TA FO MP PP MP PK MP
------------------------------------------------------------------------------------
Alexandre Burrows 0 1 1 0 4 0 2 1 1 0 0/0 19:26 5:37 2:20
Brandon Burlon 0 0 0 -1 0 0 3 0 0 0 0/0 22:56 5:48 3:58
Brandon Prust 0 1 1 0 0 1 1 0 1 0 2/2 16:50 7:17 0:58
Brian Dumoulin 0 0 0 1 0 0 2 0 1 0 0/0 14:59 5:57 0:00
Carl Gunnarsson 0 0 0 -1 0 0 0 2 0 0 0/0 13:07 0:00 0:41
Craig Smith 0 0 0 -1 0 1 1 1 1 0 1/1 14:50 1:23 5:54
Jon Merrill 0 0 0 -1 0 0 0 2 0 1 0/0 26:40 7:13 6:13
Kyle Chipchura 0 0 0 0 0 0 0 0 0 1 7/9 14:38 0:00 6:26
Louis Leblanc 0 0 0 -1 0 0 2 0 0 0 2/3 8:15 0:52 0:08
Mark Fraser 0 0 0 -1 0 0 0 2 0 3 0/0 16:52 1:22 6:41
Nikita Kucherov 1 0 1 0 2 8 0 1 2 0 1/1 19:19 7:25 0:02
Olli Maatta 0 0 0 0 2 0 2 0 0 0 0/0 12:30 7:44 0:00
Pavel Valentenko 0 0 0 1 6 0 1 0 0 0 0/0 12:57 0:44 4:13
Pierre-Cédric Labrie 0 0 0 -1 0 2 0 0 0 0 0/0 6:21 0:03 0:00
Steve Quailer 0 0 0 0 0 2 2 0 0 0 0/0 8:08 0:48 0:00
Taylor Beck 0 0 0 0 0 0 2 0 0 0 0/0 12:39 1:14 2:53
Tim Schaller 1 0 1 0 0 2 1 0 1 0 1/8 16:13 5:34 3:05
Tobias Rieder 0 1 1 0 0 0 2 0 0 0 1/1 13:34 5:34 0:00
Tyler Bozak 0 1 1 0 2 3 1 0 0 0 12/24 18:16 7:24 0:00
Players Stats for Rafales
Player Name G A P +/- PIM S H SB GA TA FO MP PP MP PK MP
------------------------------------------------------------------------------------
Akim Aliu 0 0 0 0 0 0 0 0 0 0 0/0 0:00 0:00 0:00
Ben Thomson 0 0 0 0 0 0 0 0 0 0 0/0 0:00 0:00 0:00
Brian Ferlin 0 0 0 1 0 1 0 0 0 1 0/0 13:00 0:05 1:22
Carl Klingberg 0 1 1 1 0 1 3 0 0 0 0/0 10:54 0:00 1:28
Chris Terry 0 0 0 0 0 1 2 0 0 0 0/0 6:47 0:00 0:00
Cody McLeod 0 2 2 0 2 2 3 0 1 0 0/1 20:09 5:38 4:16
Connor Murphy 0 0 0 2 0 1 1 1 0 2 0/0 24:01 4:30 6:25
Dylan McIlrath 0 0 0 0 4 0 2 0 0 0 0/0 12:12 0:47 2:27
James Marcou 0 0 0 0 0 0 2 1 0 0 0/0 6:47 0:00 0:00
Jarret Stoll 0 1 1 0 0 0 0 0 0 1 3/9 20:26 4:58 7:43
Jayson Megna 0 0 0 0 0 0 1 0 0 0 0/0 2:07 0:05 1:09
Julian Melchiori 1 0 1 2 2 1 2 0 0 2 0/0 23:21 4:30 4:26
Kevin Veilleux 0 0 0 0 0 0 1 0 0 0 0/0 6:47 0:00 0:00
Maksim Mayorov 0 0 0 0 0 0 0 0 0 0 0/0 0:00 0:00 0:00
Marc-André Gragnani 1 0 1 -1 2 3 2 1 0 1 0/0 28:04 6:12 7:40
Mark Fayne 0 1 1 -1 5 3 2 2 2 0 0/0 26:45 5:52 5:33
Michael Bournival 1 0 1 0 0 1 1 0 0 0 0/2 13:00 5:10 0:34
Mike Zigomanis 0 1 1 0 0 1 2 0 0 0 17/33 23:12 5:26 7:41
Milan Bartovic 1 0 1 0 0 3 0 1 2 0 1/1 19:42 5:38 4:10
Nathan Davis 0 1 1 1 0 0 2 0 0 0 1/3 9:23 0:00 0:00
Nicklas Jensen 0 0 0 0 0 0 0 0 0 0 0/0 0:00 0:00 0:00
Petr Kalus 0 0 0 0 0 0 0 0 0 0 0/0 1:20 0:24 0:00
Ryan Bourque 0 0 0 0 0 0 0 0 0 0 0/0 4:37 0:00 2:42
Stefan Chaput 0 0 0 0 0 0 0 0 0 0 0/0 0:00 0:00 0:00
Tim Crowder 0 1 1 0 0 1 1 0 0 0 0/0 12:26 5:10 0:00
3 Stars
1 - Julian Melchiori (Stf)
2 - Carl Klingberg (Stf)
3 - Michael Bournival (Stf)
Power Play
Diables - 0 on 6 Attempt(s) - 0.00%
Rafales - 1 on 8 Attempt(s) - 12.50%
Penalty Kill
Diables - 7 on 8 Attempt(s) - 87.50%
- Score 0 goal in Penalty Kill
Rafales - 6 on 6 Attempt(s) - 100.00%
- Score 0 goal in Penalty Kill
Team Stat
Diables - Hits : 22 - Faceoff Wins : 27 - Blocked Shots : 9 - Penalty Minutes : 16
Rafales - Hits : 27 - Faceoff Wins : 22 - Blocked Shots : 6 - Penalty Minutes : 15
Official
Referees : Auger Stephane and Peel Tim
Linesman : Jonny Murray and Jean Morin
Game Notes
Jean-Francois Berube enters game at 4:51 of 3rd period
Finance
Level 1 -- Attendance: 1358 (67.90%) -- Ticket Income $54,320
Level 2 -- Attendance: 682 (68.20%) -- Ticket Income $13,640
Total Attendance: 2040 (68.00%)
Total Ticket Income: $67,960
Other Income: $3,398
Total Income: $71,358
Diables
5 vs 5 Forward
Center Left Wing Right Wing Time % Phy DF OF
1 Tyler Bozak Alexandre Burrows Nikita Kucherov 40 0 2 3
2 Tim Schaller Brandon Prust Tobias Rieder 30 0 2 3
3 Kyle Chipchura Taylor Beck Steve Quailer 20 0 2 3
4 Louis Leblanc Pierre-Cédric Labrie Craig Smith 10 0 3 2
5 vs 5 Defense
Defense Defense Time % Phy DF OF
1 Jon Merrill Brandon Burlon 40 1 2 2
2 Mark Fraser Carl Gunnarsson 30 1 2 2
3 Pavel Valentenko Brian Dumoulin 20 1 2 2
4 Carl Gunnarsson Olli Maatta 10 1 2 2
PowerPlay Forward
Center Left Wing Right Wing Time % Phy DF OF
1 Tyler Bozak Brandon Prust Nikita Kucherov 60 0 2 3
2 Tim Schaller Alexandre Burrows Tobias Rieder 40 0 2 3
PowerPlay Defense
Defense Defense Time % Phy DF OF
1 Olli Maatta Jon Merrill 60 1 2 2
2 Brian Dumoulin Brandon Burlon 40 1 2 2
Penalty Kill 4 Players Forward
Center Wing Time % Phy DF OF
1 Kyle Chipchura Craig Smith 60 1 2 2
2 Tim Schaller Alexandre Burrows 40 1 2 2
Penalty Kill 4 Players Defense
Defense Defense Time % Phy DF OF
1 Mark Fraser Jon Merrill 60 1 2 2
2 Pavel Valentenko Brandon Burlon 40 1 2 2
Penalty Kill - 3 Players Forward
Forward Time % Phy DF OF
1 Kyle Chipchura 60 1 2 2
2 Tyler Bozak 40 1 2 2
Penalty Kill - 3 Players Defense
Defense Defense Time % Phy DF OF
1 Jon Merrill Carl Gunnarsson 60 1 2 2
2 Brandon Burlon Mark Fraser 40 1 2 2
4 vs 4 Forward
Center Wing Time % Phy DF OF
1 Tyler Bozak Alexandre Burrows 60 1 2 2
2 Tim Schaller Nikita Kucherov 40 1 2 2
4 vs 4 Defense
Defense Defense Time % Phy DF OF
1 Jon Merrill Brandon Burlon 60 1 2 2
2 Pavel Valentenko Mark Fraser 40 1 2 2
Last Minutes Offensive
Center Left Wing Right Wing Defense Defense
Tyler Bozak Alexandre Burrows Nikita Kucherov Brandon Burlon Jon Merrill
Last Minutes Defensive
Center Left Wing Right Wing Defense Defense
Tyler Bozak Alexandre Burrows Craig Smith Mark Fraser Jon Merrill
Goaltenders
Starting : Matt Murray
Backup : Jean-Francois Berube
Extra Forwards
Normal : Craig Smith, Nikita Kucherov, Kyle Chipchura - PP : Craig Smith, Nikita Kucherov - PK : Taylor Beck
Extra Defensemen
Normal : Brandon Burlon, Carl Gunnarsson, Olli Maatta - PP : Jon Merrill - PK : Brandon Burlon, Carl Gunnarsson
Penalty Shots
Nikita Kucherov, Tyler Bozak, Alexandre Burrows, Craig Smith, Tim Schaller
Scratches
Rickard Rakell (Groin Injury), Gemel Smith (Healthy), Jamie Oleksiak (Healthy), Matt Lindblad (Healthy), Christian Thomas (Healthy)
Borna Rendulic (Healthy), Adam Clendening (Healthy), Eric Karlsson (Healthy), Brett Ritchie (Healthy), Blake Coleman (Healthy)
Daniel Zaar (Healthy), Andrew O'Brien (Healthy), Keith Seabrook (Healthy), Marc-André Bourdon (Healthy), Linus Ullmark (Healthy)
Rafales
5 vs 5 Forward
Center Left Wing Right Wing Time % Phy DF OF
1 Mike Zigomanis Cody McLeod Milan Bartovic 40 1 2 2
2 Jarret Stoll Michael Bournival Tim Crowder 30 1 2 2
3 Nathan Davis Carl Klingberg Brian Ferlin 20 1 2 2
4 Kevin Veilleux Chris Terry James Marcou 10 1 2 2
5 vs 5 Defense
Defense Defense Time % Phy DF OF
1 Marc-André Gragnani Mark Fayne 40 1 2 2
2 Julian Melchiori Connor Murphy 30 1 2 2
3 Dylan McIlrath Marc-André Gragnani 20 1 2 2
4 Mark Fayne Julian Melchiori 10 1 2 2
PowerPlay Forward
Center Left Wing Right Wing Time % Phy DF OF
1 Mike Zigomanis Cody McLeod Milan Bartovic 60 1 2 2
2 Jarret Stoll Michael Bournival Tim Crowder 40 1 2 2
PowerPlay Defense
Defense Defense Time % Phy DF OF
1 Marc-André Gragnani Mark Fayne 60 1 2 2
2 Julian Melchiori Connor Murphy 40 1 2 2
Penalty Kill 4 Players Forward
Center Wing Time % Phy DF OF
1 Mike Zigomanis Jarret Stoll 60 1 2 2
2 Cody McLeod Milan Bartovic 40 1 2 2
Penalty Kill 4 Players Defense
Defense Defense Time % Phy DF OF
1 Marc-André Gragnani Mark Fayne 60 1 2 2
2 Julian Melchiori Connor Murphy 40 1 2 2
Penalty Kill - 3 Players Forward
Forward Time % Phy DF OF
1 Mike Zigomanis 60 1 2 2
2 Jarret Stoll 40 1 2 2
Penalty Kill - 3 Players Defense
Defense Defense Time % Phy DF OF
1 Marc-André Gragnani Mark Fayne 60 1 2 2
2 Julian Melchiori Connor Murphy 40 1 2 2
4 vs 4 Forward
Center Wing Time % Phy DF OF
1 Mike Zigomanis Jarret Stoll 60 1 2 2
2 Cody McLeod Milan Bartovic 40 1 2 2
4 vs 4 Defense
Defense Defense Time % Phy DF OF
1 Marc-André Gragnani Mark Fayne 60 1 2 2
2 Julian Melchiori Connor Murphy 40 1 2 2
Last Minutes Offensive
Center Left Wing Right Wing Defense Defense
Mike Zigomanis Cody McLeod Milan Bartovic Marc-André Gragnani Mark Fayne
Last Minutes Defensive
Center Left Wing Right Wing Defense Defense
Mike Zigomanis Cody McLeod Milan Bartovic Marc-André Gragnani Mark Fayne
Goaltenders
Starting : Leland Irving
Backup : Philipp Grubauer
Extra Forwards
Normal : Petr Kalus, Jayson Megna, Ryan Bourque - PP : Petr Kalus, Jayson Megna - PK : Ryan Bourque
Extra Defensemen
Normal : Dylan McIlrath, Connor Murphy, Marc-André Gragnani - PP : Dylan McIlrath - PK : Connor Murphy, Marc-André Gragnani
Penalty Shots
Mike Zigomanis, Jarret Stoll, Cody McLeod, Milan Bartovic, Nathan Davis
Scratches
Ben Sexton (Healthy), Cedric Paquette (Healthy), Ben Johnson (Healthy), Slater Koekkoek (Healthy), Brad Ross (Healthy)
David Broll (Healthy), Dennis Persson (Healthy), Chris Driedger (Healthy)
% Time on Ice - Diables
Lines # - Real PCT - Wanted PCT - Time Play
Normal Forward
1 - 34% - 40% - 11:34
2 - 26% - 30% - 9:01
3 - 21% - 20% - 7:20
4 - 18% - 10% - 6:18
Normal Defense
1 - 37% - 40% - 12:47
2 - 28% - 30% - 9:45
3 - 22% - 20% - 7:40
4 - 12% - 10% - 4:01
PP Forward
1 - 61% - 60% - 8:47
2 - 39% - 40% - 5:37
PP Defense
1 - 55% - 60% - 7:51
2 - 45% - 40% - 6:33
PK Forward
1 - 72% - 60% - 7:48
2 - 28% - 40% - 3:05
PK Defense
1 - 57% - 60% - 6:13
2 - 43% - 40% - 4:40
PK3 Forward
1 - 0% - 60%
2 - 0% - 40%
PK3 Defense
1 - 0% - 60%
2 - 0% - 40%
44 Forward
1 - 100% - 60% - 0:30
2 - 0% - 40% - 0:00
44 Defense
1 - 90% - 60% - 0:27
2 - 10% - 40% - 0:03
Last Minute Offensive - 0:00
Last Minute Defensive - 0:00
Total
Forward - 60:00
Defense - 60:00
|
% Time on Ice - Rafales
Lines # - Real PCT - Wanted PCT - Time Play
Normal Forward
1 - 31% - 40% - 10:31
2 - 22% - 30% - 7:32
3 - 27% - 20% - 9:23
4 - 20% - 10% - 6:47
Normal Defense
1 - 38% - 40% - 12:50
2 - 35% - 30% - 12:04
3 - 21% - 20% - 7:18
4 - 6% - 10% - 2:01
PP Forward
1 - 52% - 60% - 5:38
2 - 48% - 40% - 5:15
PP Defense
1 - 59% - 60% - 6:23
2 - 41% - 40% - 4:30
PK Forward
1 - 71% - 60% - 10:14
2 - 29% - 40% - 4:10
PK Defense
1 - 76% - 60% - 10:59
2 - 24% - 40% - 3:25
PK3 Forward
1 - 0% - 60%
2 - 0% - 40%
PK3 Defense
1 - 0% - 60%
2 - 0% - 40%
44 Forward
1 - 67% - 60% - 0:20
2 - 33% - 40% - 0:10
44 Defense
1 - 100% - 60% - 0:30
2 - 0% - 40% - 0:00
Last Minute Offensive - 0:00
Last Minute Defensive - 0:00
Total
Forward - 60:00
Defense - 60:00
|
Play by Play
1st period
0:01 of 1st period - Mike Zigomanis wins face-off versus Tyler Bozak in neutral zone.
0:12 of 1st period - Snap shot by Mike Zigomanis.
0:12 of 1st period - Shot Misses the Net.
0:14 of 1st period - Backhand shot by Mark Fayne.
0:14 of 1st period - Shot Blocked by Jon Merrill.
0:16 of 1st period - Wrist shot by Milan Bartovic.
0:16 of 1st period - Stopped by Matt Murray without a rebound.
0:17 of 1st period - Brandon Prust wins face-off versus Jarret Stoll in Diables zone.
1:08 of 1st period - Mike Zigomanis is hit by Alexandre Burrows and loses puck.
1:29 of 1st period - Kevin Veilleux is hit by Louis Leblanc and loses puck.
1:36 of 1st period - Slapshot by Pierre-Cédric Labrie.
1:36 of 1st period - Stopped by Leland Irving without a rebound.
1:37 of 1st period - Jarret Stoll wins face-off versus Tim Schaller in Rafales zone.
2:02 of 1st period - Mike Zigomanis is hit by Tyler Bozak and loses puck.
2:12 of 1st period - Minor Penalty to Cody McLeod for Roughing.
2:13 of 1st period - Mike Zigomanis wins face-off versus Tyler Bozak in Rafales zone.
2:18 of 1st period - Icing by Tyler Bozak.
2:19 of 1st period - Brandon Prust wins face-off versus Mike Zigomanis in Diables zone.
2:32 of 1st period - Slapshot by Nikita Kucherov.
2:32 of 1st period - Stopped by Leland Irving without a rebound.
2:33 of 1st period - Mike Zigomanis wins face-off versus Tyler Bozak in Rafales zone.
2:46 of 1st period - Snap shot by Nikita Kucherov.
2:46 of 1st period - Shot Misses the Net.
4:12 of 1st period - Penalty to Cody McLeod is over, Cody McLeod is back on ice.
4:14 of 1st period - Slapshot by Cody McLeod.
4:14 of 1st period - Stopped by Matt Murray with a rebound.
4:58 of 1st period - Julian Melchiori is hit by Taylor Beck and loses puck.
5:50 of 1st period - Cody McLeod is hit by Brandon Prust and loses puck.
6:01 of 1st period - Tyler Bozak is hit by Dylan McIlrath and loses puck.
6:10 of 1st period - Wrist shot by Michael Bournival.
6:10 of 1st period - Shot Misses the Net.
6:26 of 1st period - Pierre-Cédric Labrie is hit by Kevin Veilleux and loses puck.
6:49 of 1st period - Snap shot by Steve Quailer.
6:49 of 1st period - Shot Blocked by Mark Fayne.
7:10 of 1st period - Julian Melchiori is hit by Pavel Valentenko and loses puck.
7:27 of 1st period - Julian Melchiori is hit by Brandon Burlon and loses puck.
7:44 of 1st period - Off-side.
7:45 of 1st period - Nikita Kucherov wins face-off versus Mike Zigomanis in neutral zone.
7:52 of 1st period - Snap shot by Tyler Bozak.
7:52 of 1st period - Stopped by Leland Irving without a rebound.
7:53 of 1st period - Tyler Bozak wins face-off versus Mike Zigomanis in Rafales zone.
8:04 of 1st period - Snap shot by Nikita Kucherov.
8:04 of 1st period - Goal by Nikita Kucherov - Diables : 1 - Rafales : 0.
8:05 of 1st period - Tyler Bozak wins face-off versus Michael Bournival in neutral zone.
8:09 of 1st period - Minor Penalty to Marc-André Gragnani for Slashing.
8:10 of 1st period - Mike Zigomanis wins face-off versus Tyler Bozak in Rafales zone.
8:18 of 1st period - Slapshot by Brandon Prust.
8:18 of 1st period - Shot Blocked by Mark Fayne.
8:20 of 1st period - Slapshot by Nikita Kucherov.
8:20 of 1st period - Stopped by Leland Irving without a rebound.
8:21 of 1st period - Tyler Bozak wins face-off versus Mike Zigomanis in Rafales zone.
9:08 of 1st period - Tim Schaller is hit by Cody McLeod and loses puck.
9:38 of 1st period - Minor Penalty to Tyler Bozak for Hooking.
9:39 of 1st period - Craig Smith wins face-off versus Mike Zigomanis in Diables zone.
10:04 of 1st period - Jon Merrill is hit by Mark Fayne and loses puck.
10:09 of 1st period - Penalty to Marc-André Gragnani is over, Marc-André Gragnani is back on ice.
10:17 of 1st period - Snap shot by Milan Bartovic.
10:17 of 1st period - Shot Blocked by Mark Fraser.
10:19 of 1st period - Snap shot by Jarret Stoll.
10:19 of 1st period - Shot Blocked by Craig Smith.
10:21 of 1st period - Snap shot by Jarret Stoll.
10:21 of 1st period - Shot Misses the Net.
11:38 of 1st period - Penalty to Tyler Bozak is over, Tyler Bozak is back on ice.
12:18 of 1st period - Wrist shot by Marc-André Gragnani.
12:18 of 1st period - Stopped by Matt Murray with a rebound.
12:20 of 1st period - Slapshot by Marc-André Gragnani.
12:20 of 1st period - Stopped by Matt Murray with a rebound.
12:24 of 1st period - Slapshot by Chris Terry.
12:24 of 1st period - Stopped by Matt Murray without a rebound.
12:25 of 1st period - Tobias Rieder wins face-off versus Jarret Stoll in Diables zone.
12:32 of 1st period - Backhand shot by Brandon Prust.
12:32 of 1st period - Shot Misses the Net.
12:34 of 1st period - Wrist shot by Tobias Rieder.
12:34 of 1st period - Shot Misses the Net.
12:36 of 1st period - Wrist shot by Brandon Prust.
12:36 of 1st period - Stopped by Leland Irving with a rebound.
12:38 of 1st period - Snap shot by Tim Schaller.
12:38 of 1st period - Goal by Tim Schaller - Diables : 2 - Rafales : 0.
12:39 of 1st period - Tyler Bozak wins face-off versus Mike Zigomanis in neutral zone.
12:44 of 1st period - Backhand shot by Tyler Bozak.
12:44 of 1st period - Stopped by Leland Irving without a rebound.
12:45 of 1st period - Tyler Bozak wins face-off versus Mike Zigomanis in Rafales zone.
12:46 of 1st period - Wrist shot by Alexandre Burrows.
12:46 of 1st period - Shot Misses the Net.
12:52 of 1st period - Snap shot by Nikita Kucherov.
12:52 of 1st period - Shot Misses the Net.
13:12 of 1st period - Jarret Stoll is hit by Brandon Burlon and loses puck.
13:36 of 1st period - Icing by Marc-André Gragnani.
13:37 of 1st period - Kyle Chipchura wins face-off versus Nathan Davis in Rafales zone.
13:50 of 1st period - Wrist shot by Nathan Davis.
13:50 of 1st period - Shot Blocked by Carl Gunnarsson.
14:14 of 1st period - Wrist shot by Alexandre Burrows.
14:14 of 1st period - Deflect By Milan Bartovic.
14:14 of 1st period - Shot Misses the Net.
14:14 of 1st period - Puck is out of play.
14:15 of 1st period - Jarret Stoll wins face-off versus Tim Schaller in Rafales zone.
14:29 of 1st period - Snap shot by Jarret Stoll.
14:29 of 1st period - Shot Misses the Net.
14:31 of 1st period - Wrist shot by Tim Crowder.
14:31 of 1st period - Stopped by Matt Murray with a rebound.
14:47 of 1st period - Snap shot by Milan Bartovic.
14:47 of 1st period - Goal by Milan Bartovic - Diables : 2 - Rafales : 1.
14:48 of 1st period - Tyler Bozak wins face-off versus Mike Zigomanis in neutral zone.
15:13 of 1st period - Tyler Bozak is hit by Marc-André Gragnani and loses puck.
15:27 of 1st period - Minor Penalty to Nikita Kucherov for Holding.
15:28 of 1st period - Milan Bartovic wins face-off versus Kyle Chipchura in Diables zone.
15:40 of 1st period - Snap shot by Cody McLeod.
15:40 of 1st period - Stopped by Matt Murray with a rebound.
15:42 of 1st period - Snap shot by Cody McLeod.
15:42 of 1st period - Shot Misses the Net.
15:44 of 1st period - Slapshot by Connor Murphy.
15:44 of 1st period - Shot Blocked by Jon Merrill.
15:54 of 1st period - Julian Melchiori is hit by Tim Schaller and loses puck.
17:27 of 1st period - Penalty to Nikita Kucherov is over, Nikita Kucherov is back on ice.
17:39 of 1st period - Wrist shot by Marc-André Gragnani.
17:39 of 1st period - Shot Blocked by Nikita Kucherov.
17:41 of 1st period - Backhand shot by Chris Terry.
17:41 of 1st period - Shot Misses the Net.
18:03 of 1st period - Snap shot by Tim Schaller.
18:03 of 1st period - Shot Misses the Net.
18:53 of 1st period - Louis Leblanc is hit by Carl Klingberg and loses puck.
19:24 of 1st period - Brandon Prust is hit by Michael Bournival and loses puck.
19:37 of 1st period - Carl Gunnarsson is hit by James Marcou and loses puck.
19:52 of 1st period - Alexandre Burrows is hit by Cody McLeod and loses puck.
Goals for this period are 2 for Diables vs 1 for Rafales.
Shots for this period are 8 for Diables vs 8 for Rafales.
2nd period
0:01 of 2nd period - Mike Zigomanis wins face-off versus Tyler Bozak in neutral zone.
0:48 of 2nd period - Slapshot by Mark Fayne.
0:48 of 2nd period - Stopped by Matt Murray with a rebound.
0:56 of 2nd period - Wrist shot by Taylor Beck.
0:56 of 2nd period - Shot Misses the Net.
2:25 of 2nd period - Brandon Burlon is hit by Chris Terry and loses puck.
2:39 of 2nd period - Off-side.
2:40 of 2nd period - Louis Leblanc wins face-off versus Nathan Davis in neutral zone.
2:55 of 2nd period - Slapshot by Nathan Davis.
2:55 of 2nd period - Shot Misses the Net.
3:23 of 2nd period - Wrist shot by Pierre-Cédric Labrie.
3:23 of 2nd period - Stopped by Leland Irving with a rebound.
4:01 of 2nd period - Wrist shot by Carl Klingberg.
4:01 of 2nd period - Stopped by Matt Murray without a rebound.
4:02 of 2nd period - Mike Zigomanis wins face-off versus Tyler Bozak in Diables zone.
4:03 of 2nd period - Snap shot by Milan Bartovic.
4:03 of 2nd period - Stopped by Matt Murray without a rebound.
4:04 of 2nd period - Mike Zigomanis wins face-off versus Tyler Bozak in Diables zone.
4:57 of 2nd period - Major Penalty to Mark Fayne for Kneeing.
4:58 of 2nd period - Tyler Bozak wins face-off versus Mike Zigomanis in Rafales zone.
5:01 of 2nd period - Snap shot by Tyler Bozak.
5:01 of 2nd period - Stopped by Leland Irving with a rebound.
5:23 of 2nd period - Jarret Stoll is hit by Alexandre Burrows and loses puck.
7:05 of 2nd period - Craig Smith is hit by Marc-André Gragnani and loses puck.
7:14 of 2nd period - Marc-André Gragnani is hit by Brian Dumoulin.
7:34 of 2nd period - Connor Murphy is hit by Tobias Rieder.
9:57 of 2nd period - Penalty to Mark Fayne is over, Mark Fayne is back on ice.
10:03 of 2nd period - Slapshot by Brian Ferlin.
10:03 of 2nd period - Stopped by Matt Murray with a rebound.
10:25 of 2nd period - Minor Penalty to Dylan McIlrath for Hooking.
10:26 of 2nd period - Mike Zigomanis wins face-off versus Tyler Bozak in Rafales zone.
10:36 of 2nd period - Off-side.
10:37 of 2nd period - Mike Zigomanis wins face-off versus Tyler Bozak in neutral zone.
11:43 of 2nd period - Icing by Brandon Prust.
11:44 of 2nd period - Tyler Bozak wins face-off versus Cody McLeod in Diables zone.
11:44 of 2nd period - Tyler Bozak is hit by Mark Fayne.
11:50 of 2nd period - Snap shot by Brian Dumoulin.
11:50 of 2nd period - Shot Blocked by Marc-André Gragnani.
11:52 of 2nd period - Snap shot by Tobias Rieder.
11:52 of 2nd period - Deflect By Alexandre Burrows.
11:52 of 2nd period - Shot Misses the Net.
11:52 of 2nd period - Puck is out of play.
11:53 of 2nd period - Mike Zigomanis wins face-off versus Tim Schaller in Rafales zone.
12:25 of 2nd period - Penalty to Dylan McIlrath is over, Dylan McIlrath is back on ice.
12:58 of 2nd period - Snap shot by Mark Fayne.
12:58 of 2nd period - Shot Blocked by Mark Fraser.
13:10 of 2nd period - Slapshot by Mark Fayne.
13:10 of 2nd period - Stopped by Matt Murray with a rebound.
13:22 of 2nd period - Slapshot by Tim Schaller.
13:22 of 2nd period - Shot Misses the Net.
13:24 of 2nd period - Snap shot by Tim Schaller.
13:24 of 2nd period - Stopped by Leland Irving without a rebound.
13:25 of 2nd period - Mike Zigomanis wins face-off versus Tim Schaller in Rafales zone.
13:36 of 2nd period - Icing by Brandon Burlon.
13:37 of 2nd period - Jarret Stoll wins face-off versus Tim Schaller in Diables zone.
13:40 of 2nd period - Slapshot by Michael Bournival.
13:40 of 2nd period - Goal by Michael Bournival - Diables : 2 - Rafales : 2.
13:41 of 2nd period - Mike Zigomanis wins face-off versus Tyler Bozak in neutral zone.
13:49 of 2nd period - Minor Penalty to Julian Melchiori for High sticking.
13:50 of 2nd period - Mike Zigomanis wins face-off versus Tyler Bozak in Rafales zone.
14:00 of 2nd period - Snap shot by Tyler Bozak.
14:00 of 2nd period - Deflect By Nikita Kucherov.
14:00 of 2nd period - Stopped by Leland Irving with a rebound.
14:02 of 2nd period - Slapshot by Nikita Kucherov.
14:02 of 2nd period - Stopped by Leland Irving with a rebound.
14:04 of 2nd period - Snap shot by Jon Merrill.
14:04 of 2nd period - Shot Misses the Net.
14:06 of 2nd period - Snap shot by Nikita Kucherov.
14:06 of 2nd period - Stopped by Leland Irving without a rebound.
14:07 of 2nd period - Mike Zigomanis wins face-off versus Tim Schaller in Rafales zone.
14:42 of 2nd period - Wrist shot by Tyler Bozak.
14:42 of 2nd period - Shot Misses the Net.
15:49 of 2nd period - Penalty to Julian Melchiori is over, Julian Melchiori is back on ice.
16:12 of 2nd period - Slapshot by Steve Quailer.
16:12 of 2nd period - Shot Blocked by James Marcou.
16:14 of 2nd period - Snap shot by Steve Quailer.
16:14 of 2nd period - Shot Misses the Net.
16:28 of 2nd period - Snap shot by Craig Smith.
16:28 of 2nd period - Stopped by Leland Irving with a rebound.
16:30 of 2nd period - Wrist shot by Louis Leblanc.
16:30 of 2nd period - Deflect By Nathan Davis.
16:30 of 2nd period - Shot Misses the Net.
16:30 of 2nd period - Puck is out of play.
16:31 of 2nd period - Nathan Davis wins face-off versus Louis Leblanc in Rafales zone.
16:42 of 2nd period - Carl Gunnarsson is hit by Julian Melchiori and loses puck.
16:56 of 2nd period - Wrist shot by Carl Klingberg.
16:56 of 2nd period - Shot Blocked by Carl Gunnarsson.
16:58 of 2nd period - Snap shot by Julian Melchiori.
16:58 of 2nd period - Goal by Julian Melchiori - Diables : 2 - Rafales : 3.
16:59 of 2nd period - Tyler Bozak wins face-off versus Mike Zigomanis in neutral zone.
17:06 of 2nd period - Wrist shot by Tyler Bozak.
17:06 of 2nd period - Shot Blocked by Milan Bartovic.
18:00 of 2nd period - Brian Ferlin is hit by Steve Quailer and loses puck.
18:15 of 2nd period - Slapshot by Cody McLeod.
18:15 of 2nd period - Shot Blocked by Alexandre Burrows.
18:17 of 2nd period - Slapshot by Connor Murphy.
18:17 of 2nd period - Stopped by Matt Murray without a rebound.
18:18 of 2nd period - Mike Zigomanis wins face-off versus Tim Schaller in Diables zone.
18:23 of 2nd period - Wrist shot by Cody McLeod.
18:23 of 2nd period - Shot Misses the Net.
19:20 of 2nd period - Carl Gunnarsson is hit by Tim Crowder and loses puck.
19:27 of 2nd period - Minor Penalty to Alexandre Burrows for High sticking.
19:28 of 2nd period - Kyle Chipchura wins face-off versus Jarret Stoll in Diables zone.
Goals for this period are 0 for Diables vs 2 for Rafales.
Shots for this period are 7 for Diables vs 8 for Rafales.
3rd period
0:01 of 3rd period - Mike Zigomanis wins face-off versus Kyle Chipchura in neutral zone.
0:33 of 3rd period - Icing by Marc-André Gragnani.
0:34 of 3rd period - Tim Schaller wins face-off versus Jarret Stoll in Rafales zone.
0:37 of 3rd period - Wrist shot by Tim Schaller.
0:37 of 3rd period - Shot Misses the Net.
0:59 of 3rd period - Milan Bartovic is hit by Craig Smith and loses puck.
1:27 of 3rd period - Penalty to Alexandre Burrows is over, Alexandre Burrows is back on ice.
2:04 of 3rd period - Mark Fraser is hit by James Marcou.
2:28 of 3rd period - Tyler Bozak is hit by Connor Murphy and loses puck.
2:43 of 3rd period - Michael Bournival is hit by Brian Dumoulin and loses puck.
3:03 of 3rd period - Carl Klingberg is hit by Tobias Rieder and loses puck.
3:38 of 3rd period - Chris Terry is hit by Steve Quailer.
3:42 of 3rd period - Snap shot by Steve Quailer.
3:42 of 3rd period - Stopped by Leland Irving without a rebound.
3:43 of 3rd period - Kyle Chipchura wins face-off versus Jarret Stoll in Rafales zone.
3:44 of 3rd period - Snap shot by Steve Quailer.
3:44 of 3rd period - Stopped by Leland Irving without a rebound.
3:45 of 3rd period - Tyler Bozak wins face-off versus Michael Bournival in Rafales zone.
3:48 of 3rd period - Wrist shot by Tyler Bozak.
3:48 of 3rd period - Shot Blocked by Connor Murphy.
4:35 of 3rd period - Wrist shot by Marc-André Gragnani.
4:35 of 3rd period - Shot Misses the Net.
4:37 of 3rd period - Minor Penalty to Pavel Valentenko for Roughing.
4:38 of 3rd period - Kyle Chipchura wins face-off versus Mike Zigomanis in Diables zone.
4:51 of 3rd period - Slapshot by Marc-André Gragnani.
4:51 of 3rd period - Deflect By Jon Merrill.
4:51 of 3rd period - Goal by Marc-André Gragnani - Diables : 2 - Rafales : 4.
4:51 of 3rd period - Jean-Francois Berube enters game.
4:52 of 3rd period - Tyler Bozak wins face-off versus Mike Zigomanis in neutral zone.
4:55 of 3rd period - Snap shot by Nikita Kucherov.
4:55 of 3rd period - Shot Misses the Net.
4:57 of 3rd period - Slapshot by Jon Merrill.
4:57 of 3rd period - Deflect By Nikita Kucherov.
4:57 of 3rd period - Stopped by Leland Irving without a rebound.
4:58 of 3rd period - Tyler Bozak wins face-off versus Mike Zigomanis in Rafales zone.
5:35 of 3rd period - Minor Penalty to Alexandre Burrows for Hooking.
5:36 of 3rd period - Kyle Chipchura wins face-off versus Jarret Stoll in Diables zone.
6:11 of 3rd period - Tim Schaller is hit by Cody McLeod and loses puck.
6:26 of 3rd period - Connor Murphy is hit by Brandon Burlon and loses puck.
6:37 of 3rd period - Brandon Burlon is hit by Mike Zigomanis and loses puck.
7:35 of 3rd period - Penalty to Alexandre Burrows is over, Alexandre Burrows is back on ice.
7:42 of 3rd period - Brandon Prust is hit by Jayson Megna and loses puck.
7:57 of 3rd period - Slapshot by Nikita Kucherov.
7:57 of 3rd period - Stopped by Leland Irving with a rebound.
8:03 of 3rd period - Alexandre Burrows is hit by Chris Terry and loses puck.
8:26 of 3rd period - Louis Leblanc is hit by Nathan Davis and loses puck.
8:39 of 3rd period - Connor Murphy is hit by Olli Maatta and loses puck.
9:12 of 3rd period - Minor Penalty to Dylan McIlrath for Interference.
9:13 of 3rd period - Mike Zigomanis wins face-off versus Tyler Bozak in Rafales zone.
11:12 of 3rd period - Penalty to Dylan McIlrath is over, Dylan McIlrath is back on ice.
11:42 of 3rd period - Brian Ferlin is hit by Louis Leblanc and loses puck.
12:00 of 3rd period - Craig Smith is hit by Mike Zigomanis and loses puck.
12:38 of 3rd period - Minor Penalty to Olli Maatta for Hooking.
12:39 of 3rd period - Kyle Chipchura wins face-off versus Mike Zigomanis in Diables zone.
12:48 of 3rd period - Slapshot by Mike Zigomanis.
12:48 of 3rd period - Stopped by Jean-Francois Berube with a rebound.
14:10 of 3rd period - Kyle Chipchura is hit by Dylan McIlrath and loses puck.
14:38 of 3rd period - Penalty to Olli Maatta is over, Olli Maatta is back on ice.
14:55 of 3rd period - Alexandre Burrows is hit by Carl Klingberg and loses puck.
15:12 of 3rd period - Kevin Veilleux is hit by Olli Maatta.
16:18 of 3rd period - Alexandre Burrows is hit by Nathan Davis and loses puck.
16:32 of 3rd period - Brian Dumoulin is hit by Carl Klingberg and loses puck.
18:17 of 3rd period - Icing by Brandon Prust.
18:18 of 3rd period - Louis Leblanc wins face-off versus Mike Zigomanis in Diables zone.
18:29 of 3rd period - Wrist shot by Mark Fayne.
18:29 of 3rd period - Stopped by Jean-Francois Berube with a rebound.
18:41 of 3rd period - Milan Bartovic is hit by Taylor Beck and loses puck.
18:45 of 3rd period - Double Minor Penalty to Pavel Valentenko for Slashing.
18:46 of 3rd period - Kyle Chipchura wins face-off versus Mike Zigomanis in Diables zone.
19:42 of 3rd period - Craig Smith is hit by Julian Melchiori and loses puck.
Goals for this period are 0 for Diables vs 1 for Rafales.
Shots for this period are 4 for Diables vs 3 for Rafales.
Back to the Top